 Dungeon Crawl Stone Soup version 0.23.2-33-g5129a83184 (webtiles) character file.

Game seed: 16869092642540616278

40 Atelerd the Magician (level 3, -6/21 HPs)
             Began as an Octopode Wizard on July 16, 2019.
             Mangled by Natasha (9 damage)
             ... on level 2 of the Dungeon.
             The game lasted 00:03:07 (1508 turns).

Atelerd the Magician (Octopode Wizard)              Turns: 1508, Time: 00:03:07

Health: -6/21      AC:  3    Str:  6    XL:     3   Next: 50%
Magic:  2/8        EV: 13    Int: 26    God:
Gold:   57         SH:  0    Dex: 10    Spells: 0/9 levels left

rFire    . . .     SeeInvis .   l - +0 dagger
rCold    . . .     Gourm    .   (no shield)
rNeg     . . .     Faith    .   o - +2 hat
rPois    +         Spirit   .   (no amulet)
rElec    .         Reflect  .   d - ring of poison resistance
rCorr    .         Harm     .   h - +5 ring of intelligence
MR       +....                  k - ring of protection from magic
Stlth    +++.......             (no ring)
HPRegen  0.07/turn              (no ring)
MPRegen  0.11/turn              (no ring)
                                (no ring)
                                (no ring)

@: slowed, very slow
A: almost no armour, stealthy swim, amphibious, 8 rings, constrict 8, camouflage
1, gelatinous body 1
a: no special abilities


You were on level 2 of the Dungeon.
You were hungry.

You visited 1 branch of the dungeon, and saw 2 of its levels.

You collected 57 gold pieces.

Inventory:

Hand Weapons
 l - a +0 dagger (weapon)
Armour
 a - a +0 hat
 o - a +2 hat (worn)
Jewellery
 d - a ring of poison resistance (left tentacle)
 h - a +5 ring of intelligence (right tentacle)
 k - a ring of protection from magic (on tentacle)
Scrolls
 b - 2 scrolls of remove curse {unknown}
 f - a scroll of enchant weapon {unknown}
 m - a scroll of identify {unknown}
 n - a scroll of blinking {unknown}
Potions
 e - a potion of heal wounds {unknown}
 g - a potion of curing {unknown}
 i - a potion of degeneration {unknown}
 j - a potion of mutation {unknown}
Comestibles
 c - a ration


   Skills:
 - Level 2.0 Dodging
 - Level 2.6 Stealth
 + Level 0.4 Unarmed Combat
 + Level 3.8 Spellcasting
 * Level 1.8 Conjurations
   Level 1.0 Summonings
 + Level 1.0 Translocations


You couldn't memorise any spells.
You knew the following spells:

 Your Spells              Type           Power        Failure   Level  Hunger
a - Magic Dart            Conj           ##..         4%          1    None
b - Mephitic Cloud        Conj/Pois/Air  #.......     21%         3    ##.....
c - Blink                 Tloc           N/A          9%          2    None
d - Conjure Flame         Conj/Fire      #.......     19%         3    ##.....

Your spell library contained the following spells:

 Spells                   Type           Power        Failure   Level  Hunger
 Call Imp                 Summ           ##......     9%          2    None
 Slow                     Hex            #.......     13%         2    None


Dungeon Overview and Level Annotations

Branches:
Dungeon (2/15)

Altars:
Qazlal

Annotations:
D:1 exclusion: downstairs
D:2 Natasha, Terence


Innate Abilities, Weirdness & Mutations

You cannot wear most types of armour.
You are very stealthy in the water. (Stealth+)
You are amphibious.
You can wear up to eight rings at the same time.
You can use your tentacles to constrict eight enemies at once.
Your skin changes colour to match your surroundings (Stealth+).
Your rubbery body absorbs attacks. (AC +1, EV +1)


Message History

You feel disoriented. Natasha casts a spell at you.
You feel yourself slow down.
A worm comes into view.
The giant cockroach barely misses you. The adder bites you but does no damage.
Natasha casts a spell at you. The magic dart hits you!
The adder barely misses you.
The giant cockroach bites you but does no damage.
Natasha stares at you and mumbles some strange words.
The magic dart hits you!
* * * LOW HITPOINT WARNING * * *
The giant cockroach closely misses you.
The adder barely misses the giant cockroach.
There is a stone staircase leading up here.
The adder barely misses the giant cockroach.
The adder bites itself.
The giant cockroach bites you but does no damage.
Natasha claws you!
You die...

## .. # .. .# .S
#.## .. ##...##
.. # E#...#E ##
###.########...##
#....@sS.........
#....h..)..†._...
#................
#........###...##
#..w.....#E#...#E
#........###...##
........... ####
............


You could see a worm, Natasha, an adder (confused) and a giant cockroach.

Vanquished Creatures
  An adder (D:2)
  An ooze (D:1)
  A leopard gecko (D:1)
  2 giant cockroaches (D:1)
  4 goblins
  5 hobgoblins (D:1)
  A jackal (D:1)
  2 kobolds
  3 bats
  2 frilled lizards (D:1)
  A rat (D:1)
23 creatures vanquished.

Notes
Turn   | Place    | Note
-------+----------+-------------------------------------------
     0 | D:1      | Atelerd the Octopode Wizard began the quest for the Orb.
     0 | D:1      | Reached XP level 1. HP: 11/11 MP: 4/4
    46 | D:1      | Reached XP level 2. HP: 5/17 MP: 0/6
  1005 | D:1      | Reached XP level 3. HP: 12/21 MP: 8/8
  1011 | D:1      | Learned a level 3 spell: Mephitic Cloud
  1014 | D:1      | Learned a level 2 spell: Blink
  1019 | D:1      | Learned a level 3 spell: Conjure Flame
  1263 | D:2      | Noticed Terence
  1494 | D:2      | Found a stormy altar of Qazlal.
  1495 | D:2      | Noticed an earth elemental
  1502 | D:2      | Noticed Natasha
  1503 | D:2      | Noticed an air elemental
  1503 | D:2      | Noticed a water elemental
  1503 | D:2      | Noticed a fire elemental
  1508 | D:2      | Mangled by Natasha

Action                   || total
-------------------------++-------
Melee: Unarmed           ||    20
       Tentacles         ||     7
       Constrict         ||    12
       Dagger            ||    17
 Cast: Magic Dart        ||    26
       Mephitic Cloud    ||     5
 Stab: Sleeping          ||     2
       Confused          ||     1
  Eat: Chunk             ||     1
Armor: Skin              ||     4
Dodge: Dodged            ||    35
